 Dungeon Crawl Stone Soup version 0.18-a0-1116-g1750dec (webtiles) character file.

1412 Reinor the Protected (level 8, 0/68 HPs)
             Began as a Minotaur Gladiator on Jan 17, 2016.
             Slain by Grinder (4 damage)
             ... while paralysed by Grinder
             ... on level 6 of the Dungeon.
             The game lasted 00:17:30 (4105 turns).

Reinor the Protected (Minotaur Gladiator)           Turns: 4105, Time: 00:17:30

Health: 0/68       AC: 12    Str: 20    XL:     8   Next: 43%
Magic:  7/7        EV:  2    Int:  5    God:
Gold:   209        SH:  0    Dex: 13    Spells: 0 memorised, 7 levels left

rFire  + . .     SeeInvis .     b - +3 war axe
rCold  . . .     Gourm    .     x - +1 ring mail {rF+}
rNeg   . . .     Faith    .     (no shield)
rPois  .         Spirit   .     c - +0 hat
rElec  .         Dismiss  .     j - +0 cloak
rCorr  .         Reflect  .     q - +0 pair of gloves
SustAt .         Harm     .     u - +0 pair of boots
MR     .....                    (no amulet)
Stlth  +.........               (no ring)
                                (no ring)

@: paralysed, not resistant to hostile enchantments, very unstealthy
A: retaliatory headbutt, horns 2
a: no special abilities


You were on level 6 of the Dungeon.
You were hungry.

You visited 1 branch of the dungeon, and saw 6 of its levels.

You collected 209 gold pieces.

Inventory:

Hand Weapons
 b - a +3 war axe (weapon)
Missiles
 a - 5 tomahawks
 d - 4 throwing nets (quivered)
Armour
 c - a +0 hat (worn)
 j - a +0 cloak (worn)
 q - a +0 pair of gloves (worn)
 u - a +0 pair of boots (worn)
 x - a +1 ring mail of fire resistance (worn)
Wands
 w - a wand of confusion (34/48)
Scrolls
 e - 7 scrolls of remove curse
 r - a scroll of magic mapping
 s - a scroll of noise
 t - a scroll of teleportation
Potions
 g - 2 potions of curing
 i - a potion of haste
 n - a potion of cure mutation
 o - a potion of cancellation
 v - a potion of flight
Comestibles
 f - 4 bread rations
 k - 2 royal jellies
 p - 2 beef jerkies


   Skills:
 - Level 5.3 Fighting
 - Level 8.1 Axes
 - Level 2.0 Throwing
 + Level 8.8 Armour
 - Level 3.2 Dodging
 - Level 0.5 Stealth


You had 7 spell levels left.
You didn't know any spells.

Dungeon Overview and Level Annotations

Branches:
Dungeon (6/15)
 Temple: D:4-7

Altars:
Dithmenos
Gozag
Okawaru
Xom
Yredelemnul

Annotations:
D:6 Grinder


Innate Abilities, Weirdness & Mutations

You reflexively headbutt those who attack you in melee.
You have a pair of horns on your head.


Message History

* * * LOW HITPOINT WARNING * * *
The orc hits you but does no damage. Grinder hits you.
* * * LOW HITPOINT WARNING * * *
The orc hits you but does no damage. Grinder hits you but does no damage.
Grinder hits you but does no damage. The orc completely misses you.
Grinder hits you but does no damage.
Grinder gestures.
Grinder blinks!
The orc hits you but does no damage.
You feel less woody.
Your +0 cloak unmelds from your body.
Your +0 hat unmelds from your body.
Your +0 pair of gloves unmelds from your body.
Your +0 pair of boots unmelds from your body.
Your +1 ring mail of fire resistance unmelds from your body.
You feel resistant to fire. The orc hits you but does no damage.
Grinder hits you but does no damage. The orc barely misses you.
Grinder hits you.
* * * LOW HITPOINT WARNING * * *
You writhe in agony.
You die...

## .###
..# ###
#.## ...
#<.#
#.###..#
#%..5..#
###@##.#
#)# .#
o.# .#
#### .#
.# .#


You could see Grinder and an orc.

Vanquished Creatures
  Sigmund (D:4)
  A human (D:4)
  Menkaure (D:4)
  An ice beast (D:5)
  An orc warrior (D:6)
  2 ogres
  A centaur (D:5)
  A big kobold (D:4)
  A hound (D:4)
  Crazy Yiuf (D:2)
  A centaur skeleton (D:5)
  A giant frog skeleton (D:4)
  2 iguanas
  3 worker ants
  2 gnolls (D:4)
  10 adders
  2 shadow imps
  2 oozes
  3 worms
  3 giant geckos
  12 orcs
  2 ball pythons
  4 giant cockroaches
  9 goblins
  5 hobgoblins
  3 jackals (D:3)
  A quokka (D:5)
  11 bats
  3 giant newts
  A goblin zombie (D:4)
  11 kobolds
  A quokka skeleton (D:5)
  A quokka zombie (D:5)
  6 rats
110 creatures vanquished.

Notes
Turn   | Place    | Note
--------------------------------------------------------------
     0 | D:1      | Reinor the Minotaur Gladiator began the quest for the Orb.
     0 | D:1      | Reached XP level 1. HP: 18/18 MP: 0/0
    82 | D:1      | Reached skill level 4 in Axes
   137 | D:1      | Reached XP level 2. HP: 22/25 MP: 1/1
   376 | D:1      | Reached skill level 5 in Axes
   466 | D:1      | Reached XP level 3. HP: 26/30 MP: 2/2
  1095 | D:2      | Reached XP level 4. HP: 32/37 MP: 3/3
  1222 | D:2      | Noticed Crazy Yiuf
  1234 | D:2      | Killed Crazy Yiuf
  1234 | D:2      | Reached skill level 6 in Axes
  1315 | D:3      | Reached skill level 1 in Armour
  1464 | D:3      | Found a shadowy altar of Dithmenos.
  1706 | D:3      | Reached XP level 5. HP: 34/42 MP: 4/4
  1929 | D:4      | Noticed an ogre
  2376 | D:4      | Noticed Sigmund
  2389 | D:4      | Killed Sigmund
  2389 | D:4      | Reached skill level 5 in Armour
  2389 | D:4      | Reached XP level 6. HP: 42/50 MP: 5/5
  2473 | D:4      | Noticed Menkaure
  2491 | D:4      | Found a runed door.
  2491 | D:4      | Noticed a human
  2524 | D:4      | Found a basalt altar of Yredelemnul.
  2543 | D:4      | Killed Menkaure
  2543 | D:4      | Reached skill level 7 in Armour
  2543 | D:4      | Reached XP level 7. HP: 6/56 MP: 6/6
  2713 | D:4      | Killed a human
  2814 | D:4      | Found an iron altar of Okawaru.
  2861 | D:4      | Reached skill level 5 in Fighting
  3032 | D:5      | Entered Level 5 of the Dungeon
  3150 | D:5      | Reached XP level 8. HP: 53/68 MP: 7/7
  3271 | D:5      | Found a shimmering altar of Xom.
  3310 | D:5      | Found an opulent altar of Gozag.
  3487 | D:5      | Reached skill level 8 in Axes
  4068 | D:6      | Noticed Grinder
  4099 | D:6      | Paralysed by Grinder for 7 turns
  4105 | D:6      | Slain by Grinder

Vault maps used:
D:1:      mrwooster_arrival_statue_3, minivault_11
D:2:      bh_walls_and_bars, uniq_crazy_yiuf_cottage
D:3:      nicolae_overflow_hidden_temple
D:4:      okawaru_altar_gauntlet_db, first_bread, dk_yredelemnul_ordeal,
          uniq_sigmund, uniq_menkaure
D:5:      kennysheep_mini, basic_altar
D:6:      serial_shops, shop, minmay_ogre_servants, uniq_grinder, uniq_pikel

Action                   |  1- 3 |  4- 6 |  7- 9 || total
-------------------------+-------+-------+-------++-------
Melee: War axe           |    74 |    80 |   113 ||   267
  Use: Scroll            |     4 |     5 |     3 ||    12
       Potion            |       |     5 |     1 ||     6
  Eat: Chunk             |     1 |     3 |     4 ||     8
       Pizza             |       |     1 |       ||     1
